Maple Leafs vs Stars
Created - November 18, 2024 at 22:48
Goals
|
| Maple Leafs |
3 |
0 |
3 |
6 |
| Stars |
2 |
1 |
1 |
4 |
|
Shots
|
| Maple Leafs |
13 |
10 |
13 |
36 |
| Stars |
8 |
13 |
12 |
33 |
|
1st period
1. Stars , Paul Ladue 3 (Scott Kosmachuck 1, Henrik Borgstrom 1) at 1:41
2. Maple Leafs , Nicholas Baptiste 1 (John Klingberg 6, Zach Werenski 10) at 12:36
3. Maple Leafs , Andre Burakovsky 5 (John Klingberg 7, Evander Kane 13) at 13:15
4. Maple Leafs , Elias Pettersson 6 (Jason Zucker 2) at 17:54 (PP)
5. Stars , Sidney Crosby 5 (Jake Guentzel 7) at 18:00
Penalties :
Guillaume Latendresse (Dal) for Hooking (Minor) at 7:40, Sidney Crosby (Dal) for Roughing (Minor) at 14:21, Brian Lee (Dal) for Holding (Minor) at 17:21, Andrej Sustr (Dal) for Interference (Minor) at 18:24
2nd period
6. Stars , Jake Guentzel 11 (Sidney Crosby 10, Scott Kosmachuck 2) at 4:45
Penalties :
Guillaume Latendresse (Dal) for Hooking (Minor) at 1:44, Andre Burakovsky (TOR) for Tripping (Minor) at 7:17, Jon Merrill (TOR) for Tripping (Minor) at 11:54
3rd period
7. Maple Leafs , Elias Pettersson 7 (Brendan Guhle 1) at 9:50
8. Stars , Michael Grabner 3 (Jake Guentzel 8) at 10:25
9. Maple Leafs , Bo Horvat 5 (Jon Merrill 4, Evander Kane 14) at 13:57
10. Maple Leafs , Andre Burakovsky 6 (Bo Horvat 8, Evander Kane 15) at 19:29 (PP)
Penalties :
Michael Grabner (Dal) for Interference (Minor) at 19:02
Goalie Stats
Kristers Gudlevskis (TOR), 29 saves from 33 shots - (0.879), W, 5-2-2, 60:00 minutes
Matt Murray (Dal), 30 saves from 36 shots - (0.833), L, 4-5-2, 60:00 minutes
Players Stats for Maple Leafs
Player Name G A P +/- PIM S H SB GA TA FO MP PP MP PK MP
------------------------------------------------------------------------------------
Andre Burakovsky 2 0 2 -1 2 8 2 0 0 0 3/5 19:38 4:45 0:00
Ben Smith 0 0 0 0 0 2 3 1 0 0 0/0 19:24 4:11 1:43
Bo Horvat 1 1 2 -1 0 1 1 0 0 0 12/27 22:37 4:45 1:09
Brandon Saad 0 0 0 1 0 0 1 2 0 0 1/1 9:38 0:00 0:41
Brendan Guhle 0 1 1 -1 0 0 0 0 0 1 0/0 13:00 0:00 1:44
Elias Pettersson 2 0 2 0 0 5 2 0 0 0 10/23 18:00 4:11 0:15
Evander Kane 0 3 3 -1 0 4 0 0 0 0 0/1 20:35 4:45 1:06
Haydn Fleury 0 0 0 -1 0 0 1 1 0 1 0/0 15:26 0:00 2:14
Jason Zucker 0 1 1 0 0 1 1 1 0 0 0/1 17:41 4:11 0:00
John Klingberg 0 2 2 1 0 2 0 0 0 0 0/0 24:28 5:43 1:10
Jon Merrill 0 1 1 0 2 5 2 1 0 1 0/0 22:45 3:13 1:18
Luke Schenn 0 0 0 0 0 1 0 1 0 0 0/0 20:40 3:13 1:30
Nicholas Baptiste 1 0 1 1 0 1 1 0 0 0 0/0 6:55 0:00 0:00
Patrice Cormier 0 0 0 1 0 2 0 0 0 0 2/3 8:51 0:00 1:56
Pontus Aberg 0 0 0 0 0 0 0 0 0 0 1/1 9:55 0:00 0:00
Sam Bennett 0 0 0 0 0 0 0 0 0 0 3/7 11:04 0:00 1:06
Valentin Zykov 0 0 0 0 0 1 1 0 0 0 0/0 9:55 0:00 0:00
Zach Werenski 0 1 1 1 0 3 3 1 1 0 0/0 25:28 5:43 0:00
Players Stats for Stars
Player Name G A P +/- PIM S H SB GA TA FO MP PP MP PK MP
------------------------------------------------------------------------------------
Adam Tambellini 0 0 0 0 0 1 1 1 0 0 0/0 8:53 0:20 1:44
Alex Chiasson 0 0 0 -1 0 0 3 1 1 0 2/3 17:41 1:50 2:23
Andrej Sustr 0 0 0 1 2 2 3 2 0 1 0/0 26:41 2:28 4:03
Anton Cederholm 0 0 0 1 0 1 1 1 0 0 0/0 12:51 0:00 0:44
Ben Chiarot 0 0 0 -2 0 1 3 1 0 0 0/0 18:58 1:30 3:18
Brian Lee 0 0 0 1 2 2 0 2 1 0 0/0 12:06 0:00 0:00
Cam Atkinson 0 0 0 0 0 1 3 0 0 0 1/1 10:19 0:26 0:00
Evgeny Grachev 0 0 0 -1 0 1 2 0 0 0 6/14 18:55 1:50 3:31
Evgeny Kuznetsov 0 0 0 0 0 3 0 0 0 0 2/5 10:17 0:00 0:19
Guillaume Latendresse 0 0 0 -1 4 3 0 1 0 0 0/1 16:38 1:50 1:07
Henrik Borgstrom 0 1 1 0 0 0 2 1 0 0 1/2 6:34 0:00 0:00
Jake Guentzel 1 2 3 1 0 5 0 0 0 0 0/2 23:45 1:48 4:59
Michael Grabner 1 0 1 1 2 3 2 1 0 0 1/2 18:31 1:42 0:00
Paul Ladue 1 0 1 1 0 2 0 1 1 0 0/0 28:55 2:28 5:38
Scott Kosmachuck 0 2 2 0 0 2 0 0 0 0 0/0 6:34 0:00 0:00
Sidney Crosby 1 1 2 1 2 6 1 2 0 0 24/39 22:34 1:42 3:49
Tobias Rieder 0 0 0 0 0 0 0 1 0 0 0/0 10:19 0:26 0:00
Tyler Wotherspoon 0 0 0 -2 0 0 1 2 0 0 0/0 20:27 1:30 4:09
3 Stars
1 - Elias Pettersson (TOR)
2 - Jake Guentzel (Dal)
3 - Andre Burakovsky (TOR)
Power Play
Maple Leafs - 2 on 6 Attempt(s) - 33.33%
Stars - 0 on 2 Attempt(s) - 0.00%
Penalty Kill
Maple Leafs - 2 on 2 Attempt(s) - 100.00%
- Score 0 goal in Penalty Kill
Stars - 4 on 6 Attempt(s) - 66.67%
- Score 0 goal in Penalty Kill
Team Stat
Maple Leafs - Hits : 18 - Faceoff Wins : 32 - Blocked Shots : 8 - Penalty Minutes : 4
Stars - Hits : 22 - Faceoff Wins : 37 - Blocked Shots : 17 - Penalty Minutes : 12
Official
Referees : TJ Luxmore and Ian Walsh
Linesman : Pierre Racicot and Julien Fournier
Game Notes
No Game Note
Finance
Level 1 -- Attendance: 5281 (88.02%) -- Ticket Income $528,100
Level 2 -- Attendance: 5000 (100.00%) -- Ticket Income $350,000
Level 3 -- Attendance: 2000 (100.00%) -- Ticket Income $80,000
Level 4 -- Attendance: 4000 (100.00%) -- Ticket Income $120,000
Luxury Box -- Attendance: 998 (99.80%) -- Ticket Income $199,600
Game was played at the American Airlines Center.
Total Attendance: 17279 (95.99%)
Total Ticket Income: $1,277,700
Other Income: $191,655
Total Income: $1,469,355
Maple Leafs
5 vs 5 Forward
Center Left Wing Right Wing Time % Phy DF OF
1 Bo Horvat Evander Kane Andre Burakovsky 40 1 2 2
2 Elias Pettersson Jason Zucker Ben Smith 30 1 2 2
3 Sam Bennett Valentin Zykov Pontus Aberg 20 1 2 2
4 Patrice Cormier Brandon Saad Nicholas Baptiste 10 1 2 2
5 vs 5 Defense
Defense Defense Time % Phy DF OF
1 Zach Werenski John Klingberg 40 1 2 2
2 Jon Merrill Luke Schenn 30 1 2 2
3 Haydn Fleury Brendan Guhle 20 1 2 2
4 Zach Werenski Jon Merrill 10 1 2 2
PowerPlay Forward
Center Left Wing Right Wing Time % Phy DF OF
1 Bo Horvat Evander Kane Andre Burakovsky 60 1 2 2
2 Elias Pettersson Jason Zucker Ben Smith 40 1 2 2
PowerPlay Defense
Defense Defense Time % Phy DF OF
1 Zach Werenski John Klingberg 60 1 2 2
2 Jon Merrill Luke Schenn 40 1 2 2
Penalty Kill 4 Players Forward
Center Wing Time % Phy DF OF
1 Patrice Cormier Ben Smith 60 1 2 2
2 Sam Bennett Evander Kane 40 1 2 2
Penalty Kill 4 Players Defense
Defense Defense Time % Phy DF OF
1 Haydn Fleury Jon Merrill 60 1 2 2
2 Brendan Guhle Luke Schenn 40 1 2 2
Penalty Kill - 3 Players Forward
Forward Time % Phy DF OF
1 Evander Kane 60 1 2 2
2 Bo Horvat 40 1 2 2
Penalty Kill - 3 Players Defense
Defense Defense Time % Phy DF OF
1 Haydn Fleury Jon Merrill 60 1 2 2
2 Brendan Guhle Luke Schenn 40 1 2 2
4 vs 4 Forward
Center Wing Time % Phy DF OF
1 Bo Horvat Evander Kane 60 1 2 2
2 Elias Pettersson Andre Burakovsky 40 1 2 2
4 vs 4 Defense
Defense Defense Time % Phy DF OF
1 Zach Werenski Jon Merrill 60 1 2 2
2 John Klingberg Luke Schenn 40 1 2 2
Last Minutes Offensive
Center Left Wing Right Wing Defense Defense
Bo Horvat Evander Kane Andre Burakovsky Zach Werenski John Klingberg
Last Minutes Defensive
Center Left Wing Right Wing Defense Defense
Patrice Cormier Evander Kane Ben Smith Jon Merrill Haydn Fleury
Goaltenders
Starting : Kristers Gudlevskis
Backup : Carter Hutton
Extra Forwards
Normal : Elias Pettersson, Sam Bennett, Evander Kane - PP : Sam Bennett, Jason Zucker - PK : Bo Horvat
Extra Defensemen
Normal : Haydn Fleury, Zach Werenski, John Klingberg - PP : Haydn Fleury - PK : Brendan Guhle, John Klingberg
Penalty Shots
Evander Kane, Elias Pettersson, Andre Burakovsky, Bo Horvat, Jason Zucker
Custom OT Lines Forwards
Evander Kane, Bo Horvat, Andre Burakovsky, Ben Smith, Jason Zucker, Sam Bennett, Brandon Saad, Elias Pettersson, Valentin Zykov, Pontus Aberg
Custom OT Lines Defensemen
Zach Werenski, Jon Merrill, John Klingberg, Luke Schenn, Haydn Fleury
Scratches
None
Stars
5 vs 5 Forward
Center Left Wing Right Wing Time % Phy DF OF
1 Sidney Crosby Jake Guentzel Michael Grabner 40 1 2 2
2 Evgeny Grachev Guillaume Latendresse Alex Chiasson 30 1 2 2
3 Evgeny Kuznetsov Tobias Rieder Cam Atkinson 20 1 2 2
4 Henrik Borgstrom Adam Tambellini Scott Kosmachuck 10 1 2 2
5 vs 5 Defense
Defense Defense Time % Phy DF OF
1 Andrej Sustr Paul Ladue 40 1 2 2
2 Ben Chiarot Tyler Wotherspoon 30 1 2 2
3 Anton Cederholm Brian Lee 20 1 2 2
4 Andrej Sustr Paul Ladue 10 1 2 2
PowerPlay Forward
Center Left Wing Right Wing Time % Phy DF OF
1 Sidney Crosby Jake Guentzel Michael Grabner 60 0 2 3
2 Evgeny Grachev Guillaume Latendresse Alex Chiasson 40 0 2 3
PowerPlay Defense
Defense Defense Time % Phy DF OF
1 Andrej Sustr Paul Ladue 60 1 2 2
2 Ben Chiarot Tyler Wotherspoon 40 1 2 2
Penalty Kill 4 Players Forward
Center Wing Time % Phy DF OF
1 Sidney Crosby Jake Guentzel 60 1 2 2
2 Evgeny Grachev Guillaume Latendresse 40 1 2 2
Penalty Kill 4 Players Defense
Defense Defense Time % Phy DF OF
1 Andrej Sustr Paul Ladue 60 0 3 2
2 Ben Chiarot Tyler Wotherspoon 40 0 3 2
Penalty Kill - 3 Players Forward
Forward Time % Phy DF OF
1 Sidney Crosby 60 1 2 2
2 Evgeny Grachev 40 1 2 2
Penalty Kill - 3 Players Defense
Defense Defense Time % Phy DF OF
1 Andrej Sustr Paul Ladue 60 0 3 2
2 Ben Chiarot Tyler Wotherspoon 40 0 3 2
4 vs 4 Forward
Center Wing Time % Phy DF OF
1 Sidney Crosby Jake Guentzel 60 0 2 3
2 Evgeny Grachev Guillaume Latendresse 40 0 2 3
4 vs 4 Defense
Defense Defense Time % Phy DF OF
1 Andrej Sustr Paul Ladue 60 1 2 2
2 Ben Chiarot Tyler Wotherspoon 40 1 2 2
Last Minutes Offensive
Center Left Wing Right Wing Defense Defense
Sidney Crosby Jake Guentzel Michael Grabner Andrej Sustr Paul Ladue
Last Minutes Defensive
Center Left Wing Right Wing Defense Defense
Sidney Crosby Jake Guentzel Michael Grabner Andrej Sustr Paul Ladue
Goaltenders
Starting : Matt Murray
Backup : Michael Houser
Extra Forwards
Normal : Alex Chiasson, Tobias Rieder, Evgeny Grachev - PP : Alex Chiasson, Tobias Rieder - PK : Alex Chiasson
Extra Defensemen
Normal : Tyler Wotherspoon, Anton Cederholm, Brian Lee - PP : Tyler Wotherspoon - PK : Tyler Wotherspoon, Anton Cederholm
Penalty Shots
Sidney Crosby, Jake Guentzel, Michael Grabner, Guillaume Latendresse, Alex Chiasson
Custom OT Lines Forwards
Sidney Crosby, Jake Guentzel, Michael Grabner, Guillaume Latendresse, Alex Chiasson, Tobias Rieder, Evgeny Grachev, Cam Atkinson, Scott Kosmachuck, Evgeny Kuznetsov
Custom OT Lines Defensemen
Andrej Sustr, Paul Ladue, Ben Chiarot, Tyler Wotherspoon, Anton Cederholm
Scratches
Ilya Mikheyev (Healthy), Wiley Sherman (Healthy)
% Time on Ice - Maple Leafs
Lines # - Real PCT - Wanted PCT - Time Play
Normal Forward
1 - 35% - 40% - 16:43
2 - 29% - 30% - 13:33
3 - 21% - 20% - 9:55
4 - 15% - 10% - 6:55
Normal Defense
1 - 42% - 40% - 20:01
2 - 29% - 30% - 13:43
3 - 24% - 20% - 11:12
4 - 5% - 10% - 2:10
PP Forward
1 - 53% - 60% - 4:45
2 - 47% - 40% - 4:11
PP Defense
1 - 64% - 60% - 5:43
2 - 36% - 40% - 3:13
PK Forward
1 - 72% - 60% - 2:52
2 - 28% - 40% - 1:06
PK Defense
1 - 69% - 60% - 2:44
2 - 31% - 40% - 1:14
PK3 Forward
1 - 0% - 60%
2 - 0% - 40%
PK3 Defense
1 - 0% - 60%
2 - 0% - 40%
44 Forward
1 - 0% - 60%
2 - 0% - 40%
44 Defense
1 - 0% - 60%
2 - 0% - 40%
Last Minute Offensive - 0:00
Last Minute Defensive - 0:00
Total
Forward - 60:00
Defense - 60:00
|
% Time on Ice - Stars
Lines # - Real PCT - Wanted PCT - Time Play
Normal Forward
1 - 36% - 40% - 16:51
2 - 29% - 30% - 13:35
3 - 21% - 20% - 9:51
4 - 14% - 10% - 6:34
Normal Defense
1 - 39% - 40% - 18:23
2 - 30% - 30% - 14:10
3 - 26% - 20% - 12:07
4 - 5% - 10% - 2:11
PP Forward
1 - 54% - 60% - 2:08
2 - 46% - 40% - 1:50
PP Defense
1 - 62% - 60% - 2:28
2 - 38% - 40% - 1:30
PK Forward
1 - 70% - 60% - 6:14
2 - 30% - 40% - 2:42
PK Defense
1 - 63% - 60% - 5:38
2 - 37% - 40% - 3:18
PK3 Forward
1 - 0% - 60%
2 - 0% - 40%
PK3 Defense
1 - 0% - 60%
2 - 0% - 40%
44 Forward
1 - 0% - 60%
2 - 0% - 40%
44 Defense
1 - 0% - 60%
2 - 0% - 40%
Last Minute Offensive - 0:15
Last Minute Defensive - 0:00
Total
Forward - 60:00
Defense - 60:00
|
Play-by-Play
1st period
0:01 of 1st period - Bo Horvat wins face-off versus Sidney Crosby in neutral zone.
0:16 of 1st period - Wrist shot by Evander Kane.
0:16 of 1st period - Stopped by Matt Murray without a rebound.
0:17 of 1st period - Evgeny Grachev wins face-off versus Elias Pettersson in Stars zone.
0:17 of 1st period - Evgeny Grachev is hit by Ben Smith.
0:49 of 1st period - Icing by Tyler Wotherspoon.
0:50 of 1st period - Pontus Aberg wins face-off versus Evgeny Kuznetsov in Stars zone.
0:59 of 1st period - Haydn Fleury is hit by Cam Atkinson and loses puck.
1:29 of 1st period - Icing by Haydn Fleury.
1:30 of 1st period - Henrik Borgstrom wins face-off versus Bo Horvat in Maple Leafs zone.
1:37 of 1st period - Wrist shot by Scott Kosmachuck.
1:37 of 1st period - Shot Misses the Net.
1:39 of 1st period - Slapshot by Scott Kosmachuck.
1:39 of 1st period - Shot Blocked by Haydn Fleury.
1:41 of 1st period - Slapshot by Paul Ladue.
1:41 of 1st period - Goal by Paul Ladue - Maple Leafs : 0 - Stars : 1.
1:42 of 1st period - Brandon Saad wins face-off versus Sidney Crosby in neutral zone.
2:12 of 1st period - Icing by Zach Werenski.
2:13 of 1st period - Evgeny Grachev wins face-off versus Elias Pettersson in Maple Leafs zone.
2:14 of 1st period - Snap shot by Alex Chiasson.
2:14 of 1st period - Deflect By Evgeny Grachev.
2:14 of 1st period - Shot Misses the Net.
2:14 of 1st period - Puck is out of play.
2:15 of 1st period - Elias Pettersson wins face-off versus Evgeny Grachev in Maple Leafs zone.
2:20 of 1st period - Andrej Sustr is hit by Zach Werenski and loses puck.
2:29 of 1st period - Snap shot by Alex Chiasson.
2:29 of 1st period - Shot Blocked by Ben Smith.
2:31 of 1st period - Wrist shot by Evgeny Grachev.
2:31 of 1st period - Stopped by Kristers Gudlevskis with a rebound.
2:50 of 1st period - Snap shot by Scott Kosmachuck.
2:50 of 1st period - Stopped by Kristers Gudlevskis without a rebound.
2:51 of 1st period - Sidney Crosby wins face-off versus Sam Bennett in Maple Leafs zone.
2:54 of 1st period - Wrist shot by Sidney Crosby.
2:54 of 1st period - Stopped by Kristers Gudlevskis with a rebound.
3:18 of 1st period - Paul Ladue is hit by Andre Burakovsky and loses puck.
4:26 of 1st period - Sam Bennett is hit by Michael Grabner and loses puck.
4:51 of 1st period - Andre Burakovsky is hit by Cam Atkinson and loses puck.
5:02 of 1st period - Andre Burakovsky is hit by Cam Atkinson and loses puck.
5:34 of 1st period - Ben Chiarot is hit by Brandon Saad.
5:44 of 1st period - Wrist shot by Scott Kosmachuck.
5:44 of 1st period - Stopped by Kristers Gudlevskis without a rebound.
5:45 of 1st period - Bo Horvat wins face-off versus Jake Guentzel in Maple Leafs zone.
5:52 of 1st period - Snap shot by Andre Burakovsky.
5:52 of 1st period - Shot Blocked by Sidney Crosby.
5:57 of 1st period - Off-side.
5:58 of 1st period - Sidney Crosby wins face-off versus Bo Horvat in neutral zone.
6:11 of 1st period - Snap shot by Jake Guentzel.
6:11 of 1st period - Stopped by Kristers Gudlevskis with a rebound.
6:31 of 1st period - Snap shot by Jason Zucker.
6:31 of 1st period - Stopped by Matt Murray with a rebound.
6:59 of 1st period - Slapshot by Andrej Sustr.
6:59 of 1st period - Stopped by Kristers Gudlevskis without a rebound.
7:00 of 1st period - Bo Horvat wins face-off versus Michael Grabner in Maple Leafs zone.
7:28 of 1st period - Tyler Wotherspoon is hit by Haydn Fleury and loses puck.
7:40 of 1st period - Minor Penalty to Guillaume Latendresse for Hooking.
7:41 of 1st period - Bo Horvat wins face-off versus Sidney Crosby in Stars zone.
7:50 of 1st period - Slapshot by Andre Burakovsky.
7:50 of 1st period - Stopped by Matt Murray with a rebound.
9:28 of 1st period - Luke Schenn is hit by Alex Chiasson and loses puck.
9:40 of 1st period - Penalty to Guillaume Latendresse is over, Guillaume Latendresse is back on ice.
10:15 of 1st period - Nicholas Baptiste is hit by Evgeny Grachev and loses puck.
10:21 of 1st period - Off-side.
10:22 of 1st period - Sam Bennett wins face-off versus Henrik Borgstrom in neutral zone.
10:27 of 1st period - Wrist shot by Sam Bennett.
10:27 of 1st period - Shot Blocked by Adam Tambellini.
10:42 of 1st period - Icing by Jon Merrill.
10:43 of 1st period - Sidney Crosby wins face-off versus Sam Bennett in Maple Leafs zone.
11:59 of 1st period - Zach Werenski is hit by Andrej Sustr and loses puck.
12:20 of 1st period - Snap shot by Nicholas Baptiste.
12:20 of 1st period - Shot Misses the Net.
12:22 of 1st period - Slapshot by John Klingberg.
12:22 of 1st period - Stopped by Matt Murray with a rebound.
12:24 of 1st period - Slapshot by Zach Werenski.
12:24 of 1st period - Shot Blocked by Andrej Sustr.
12:26 of 1st period - Snap shot by Brandon Saad.
12:26 of 1st period - Shot Misses the Net.
12:28 of 1st period - Slapshot by Zach Werenski.
12:28 of 1st period - Shot Blocked by Alex Chiasson.
12:30 of 1st period - Wrist shot by Patrice Cormier.
12:30 of 1st period - Stopped by Matt Murray with a rebound.
12:32 of 1st period - Slapshot by Zach Werenski.
12:32 of 1st period - Shot Misses the Net.
12:34 of 1st period - Slapshot by John Klingberg.
12:34 of 1st period - Shot Blocked by Guillaume Latendresse.
12:36 of 1st period - Slapshot by Nicholas Baptiste.
12:36 of 1st period - Goal by Nicholas Baptiste - Maple Leafs : 1 - Stars : 1.
12:37 of 1st period - Sidney Crosby wins face-off versus Bo Horvat in neutral zone.
12:50 of 1st period - Off-side.
12:51 of 1st period - Bo Horvat wins face-off versus Sidney Crosby in neutral zone.
12:54 of 1st period - Sidney Crosby is hit by Andre Burakovsky and loses puck.
13:03 of 1st period - Slapshot by Andre Burakovsky.
13:03 of 1st period - Deflect By Bo Horvat.
13:03 of 1st period - Shot Misses the Net.
13:03 of 1st period - Puck is out of play.
13:04 of 1st period - Andre Burakovsky wins face-off versus Sidney Crosby in Stars zone.
13:09 of 1st period - Snap shot by Zach Werenski.
13:09 of 1st period - Stopped by Matt Murray with a rebound.
13:11 of 1st period - Wrist shot by Evander Kane.
13:11 of 1st period - Shot Misses the Net.
13:13 of 1st period - Slapshot by John Klingberg.
13:13 of 1st period - Stopped by Matt Murray with a rebound.
13:15 of 1st period - Snap shot by Andre Burakovsky.
13:15 of 1st period - Goal by Andre Burakovsky - Maple Leafs : 2 - Stars : 1.
13:16 of 1st period - Sidney Crosby wins face-off versus Elias Pettersson in neutral zone.
13:33 of 1st period - Slapshot by Paul Ladue.
13:33 of 1st period - Shot Blocked by Jason Zucker.
13:50 of 1st period - Wrist shot by Tobias Rieder.
13:50 of 1st period - Shot Misses the Net.
14:09 of 1st period - Zach Werenski is hit by Ben Chiarot and loses puck.
14:16 of 1st period - Wrist shot by Valentin Zykov.
14:16 of 1st period - Stopped by Matt Murray with a rebound.
14:18 of 1st period - Slapshot by Zach Werenski.
14:18 of 1st period - Stopped by Matt Murray without a rebound.
14:19 of 1st period - Sidney Crosby wins face-off versus Elias Pettersson in Stars zone.
14:21 of 1st period - Minor Penalty to Sidney Crosby for Roughing.
14:22 of 1st period - Alex Chiasson wins face-off versus Bo Horvat in Stars zone.
14:48 of 1st period - Jon Merrill is hit by Andrej Sustr and loses puck.
15:55 of 1st period - Icing by Zach Werenski.
15:56 of 1st period - Elias Pettersson wins face-off versus Alex Chiasson in Maple Leafs zone.
16:21 of 1st period - Penalty to Sidney Crosby is over, Sidney Crosby is back on ice.
16:42 of 1st period - Wrist shot by Andrej Sustr.
16:42 of 1st period - Shot Misses the Net.
16:44 of 1st period - Slapshot by Andrej Sustr.
16:44 of 1st period - Shot Misses the Net.
17:00 of 1st period - Brian Lee is hit by Nicholas Baptiste and loses puck.
17:21 of 1st period - Minor Penalty to Brian Lee for Holding.
17:22 of 1st period - Bo Horvat wins face-off versus Sidney Crosby in Stars zone.
17:49 of 1st period - Tyler Wotherspoon is hit by Elias Pettersson and loses puck.
17:54 of 1st period - Slapshot by Elias Pettersson.
17:54 of 1st period - Goal by Elias Pettersson - Maple Leafs : 3 - Stars : 1.
17:55 of 1st period - Sidney Crosby wins face-off versus Bo Horvat in neutral zone.
18:00 of 1st period - Slapshot by Sidney Crosby.
18:00 of 1st period - Goal by Sidney Crosby - Maple Leafs : 3 - Stars : 2.
18:01 of 1st period - Bo Horvat wins face-off versus Sidney Crosby in neutral zone.
18:24 of 1st period - Minor Penalty to Andrej Sustr for Interference.
18:25 of 1st period - Bo Horvat wins face-off versus Sidney Crosby in Stars zone.
18:26 of 1st period - Snap shot by Evander Kane.
18:26 of 1st period - Shot Blocked by Sidney Crosby.
18:38 of 1st period - Paul Ladue is hit by Bo Horvat and loses puck.
19:02 of 1st period - Off-side.
19:03 of 1st period - Elias Pettersson wins face-off versus Evgeny Grachev in neutral zone.
19:18 of 1st period - Elias Pettersson is hit by Ben Chiarot and loses puck.
19:35 of 1st period - Wrist shot by Elias Pettersson.
19:35 of 1st period - Stopped by Matt Murray with a rebound.
19:59 of 1st period - Anton Cederholm is hit by Elias Pettersson and loses puck.
Goals for this period are 3 for Maple Leafs vs 2 for Stars.
Shots for this period are 13 for Maple Leafs vs 8 for Stars.
2nd period
0:01 of 2nd period - Bo Horvat wins face-off versus Sidney Crosby in neutral zone.
0:24 of 2nd period - Penalty to Andrej Sustr is over, Andrej Sustr is back on ice.
1:18 of 2nd period - Snap shot by Andre Burakovsky.
1:18 of 2nd period - Stopped by Matt Murray with a rebound.
1:20 of 2nd period - Wrist shot by Jon Merrill.
1:20 of 2nd period - Stopped by Matt Murray without a rebound.
1:21 of 2nd period - Elias Pettersson wins face-off versus Evgeny Grachev in Stars zone.
1:32 of 2nd period - Wrist shot by Jason Zucker.
1:32 of 2nd period - Shot Blocked by Brian Lee.
1:44 of 2nd period - Minor Penalty to Guillaume Latendresse for Hooking.
1:45 of 2nd period - Andre Burakovsky wins face-off versus Sidney Crosby in Stars zone.
3:41 of 2nd period - Andre Burakovsky is hit by Adam Tambellini and loses puck.
3:44 of 2nd period - Penalty to Guillaume Latendresse is over, Guillaume Latendresse is back on ice.
3:50 of 2nd period - Wrist shot by Evgeny Kuznetsov.
3:50 of 2nd period - Stopped by Kristers Gudlevskis without a rebound.
3:51 of 2nd period - Cam Atkinson wins face-off versus Sam Bennett in Maple Leafs zone.
4:45 of 2nd period - Wrist shot by Jake Guentzel.
4:45 of 2nd period - Goal by Jake Guentzel - Maple Leafs : 3 - Stars : 3.
4:46 of 2nd period - Sidney Crosby wins face-off versus Bo Horvat in neutral zone.
5:37 of 2nd period - Icing by Tyler Wotherspoon.
5:38 of 2nd period - Elias Pettersson wins face-off versus Evgeny Grachev in Stars zone.
5:51 of 2nd period - Wrist shot by Jason Zucker.
5:51 of 2nd period - Shot Misses the Net.
5:53 of 2nd period - Snap shot by Jason Zucker.
5:53 of 2nd period - Shot Blocked by Tyler Wotherspoon.
5:55 of 2nd period - Backhand shot by Ben Smith.
5:55 of 2nd period - Stopped by Matt Murray with a rebound.
6:01 of 2nd period - Snap shot by Elias Pettersson.
6:01 of 2nd period - Stopped by Matt Murray with a rebound.
6:03 of 2nd period - Wrist shot by Jason Zucker.
6:03 of 2nd period - Shot Misses the Net.
6:05 of 2nd period - Backhand shot by Luke Schenn.
6:05 of 2nd period - Deflect By Alex Chiasson.
6:05 of 2nd period - Stopped by Matt Murray without a rebound.
6:06 of 2nd period - Evgeny Kuznetsov wins face-off versus Bo Horvat in Stars zone.
6:16 of 2nd period - Snap shot by Evgeny Kuznetsov.
6:16 of 2nd period - Stopped by Kristers Gudlevskis without a rebound.
6:17 of 2nd period - Sidney Crosby wins face-off versus Bo Horvat in Maple Leafs zone.
6:34 of 2nd period - Snap shot by Jake Guentzel.
6:34 of 2nd period - Stopped by Kristers Gudlevskis with a rebound.
6:43 of 2nd period - Icing by Zach Werenski.
6:44 of 2nd period - Evgeny Grachev wins face-off versus Elias Pettersson in Maple Leafs zone.
6:45 of 2nd period - Snap shot by Guillaume Latendresse.
6:45 of 2nd period - Stopped by Kristers Gudlevskis without a rebound.
6:46 of 2nd period - Elias Pettersson wins face-off versus Guillaume Latendresse in Maple Leafs zone.
7:06 of 2nd period - Off-side.
7:07 of 2nd period - Sidney Crosby wins face-off versus Andre Burakovsky in neutral zone.
7:17 of 2nd period - Minor Penalty to Andre Burakovsky for Tripping.
7:18 of 2nd period - Patrice Cormier wins face-off versus Sidney Crosby in Maple Leafs zone.
9:17 of 2nd period - Penalty to Andre Burakovsky is over, Andre Burakovsky is back on ice.
9:29 of 2nd period - Off-side.
9:30 of 2nd period - Sam Bennett wins face-off versus Evgeny Kuznetsov in neutral zone.
10:01 of 2nd period - Snap shot by Scott Kosmachuck.
10:01 of 2nd period - Shot Misses the Net.
10:03 of 2nd period - Wrist shot by Scott Kosmachuck.
10:03 of 2nd period - Deflect By Adam Tambellini.
10:03 of 2nd period - Stopped by Kristers Gudlevskis with a rebound.
10:05 of 2nd period - Wrist shot by Henrik Borgstrom.
10:05 of 2nd period - Shot Misses the Net.
10:07 of 2nd period - Slapshot by Tyler Wotherspoon.
10:07 of 2nd period - Shot Misses the Net.
10:42 of 2nd period - Snap shot by Elias Pettersson.
10:42 of 2nd period - Shot Blocked by Andrej Sustr.
10:48 of 2nd period - Paul Ladue is hit by Jason Zucker and loses puck.
11:02 of 2nd period - Paul Ladue is hit by Ben Smith and loses puck.
11:37 of 2nd period - Wrist shot by Michael Grabner.
11:37 of 2nd period - Shot Misses the Net.
11:39 of 2nd period - Snap shot by Michael Grabner.
11:39 of 2nd period - Stopped by Kristers Gudlevskis with a rebound.
11:41 of 2nd period - Slapshot by Brian Lee.
11:41 of 2nd period - Stopped by Kristers Gudlevskis with a rebound.
11:43 of 2nd period - Snap shot by Jake Guentzel.
11:43 of 2nd period - Shot Misses the Net.
11:45 of 2nd period - Slapshot by Anton Cederholm.
11:45 of 2nd period - Stopped by Kristers Gudlevskis with a rebound.
11:49 of 2nd period - Snap shot by Sidney Crosby.
11:49 of 2nd period - Shot Hit the Post.
11:51 of 2nd period - Slapshot by Brian Lee.
11:51 of 2nd period - Stopped by Kristers Gudlevskis without a rebound.
11:52 of 2nd period - Bo Horvat wins face-off versus Evgeny Grachev in Maple Leafs zone.
11:54 of 2nd period - Minor Penalty to Jon Merrill for Tripping.
11:55 of 2nd period - Alex Chiasson wins face-off versus Patrice Cormier in Maple Leafs zone.
12:53 of 2nd period - Brendan Guhle is hit by Ben Chiarot and loses puck.
13:14 of 2nd period - Ben Smith is hit by Andrej Sustr and loses puck.
13:54 of 2nd period - Penalty to Jon Merrill is over, Jon Merrill is back on ice.
14:29 of 2nd period - Wrist shot by Jon Merrill.
14:29 of 2nd period - Stopped by Matt Murray with a rebound.
14:39 of 2nd period - Snap shot by Jon Merrill.
14:39 of 2nd period - Stopped by Matt Murray with a rebound.
15:27 of 2nd period - Backhand shot by Bo Horvat.
15:27 of 2nd period - Shot Blocked by Anton Cederholm.
15:47 of 2nd period - Wrist shot by Jon Merrill.
15:47 of 2nd period - Stopped by Matt Murray with a rebound.
16:01 of 2nd period - Wrist shot by Evgeny Kuznetsov.
16:01 of 2nd period - Stopped by Kristers Gudlevskis with a rebound.
16:03 of 2nd period - Slapshot by Brian Lee.
16:03 of 2nd period - Shot Blocked by Brandon Saad.
16:05 of 2nd period - Slapshot by Brian Lee.
16:05 of 2nd period - Shot Blocked by Brandon Saad.
16:07 of 2nd period - Slapshot by Cam Atkinson.
16:07 of 2nd period - Stopped by Kristers Gudlevskis without a rebound.
16:08 of 2nd period - Sidney Crosby wins face-off versus Elias Pettersson in Maple Leafs zone.
16:19 of 2nd period - Snap shot by Jake Guentzel.
16:19 of 2nd period - Shot Misses the Net.
16:21 of 2nd period - Slapshot by Paul Ladue.
16:21 of 2nd period - Stopped by Kristers Gudlevskis without a rebound.
16:22 of 2nd period - Sidney Crosby wins face-off versus Elias Pettersson in Maple Leafs zone.
16:27 of 2nd period - Snap shot by Sidney Crosby.
16:27 of 2nd period - Shot Misses the Net.
16:39 of 2nd period - Off-side.
16:40 of 2nd period - Evgeny Grachev wins face-off versus Sam Bennett in neutral zone.
18:01 of 2nd period - Wrist shot by Evander Kane.
18:01 of 2nd period - Shot Misses the Net.
18:03 of 2nd period - Slapshot by Elias Pettersson.
18:03 of 2nd period - Stopped by Matt Murray without a rebound.
18:04 of 2nd period - Sidney Crosby wins face-off versus Elias Pettersson in Stars zone.
18:24 of 2nd period - Henrik Borgstrom is hit by Valentin Zykov and loses puck.
19:25 of 2nd period - Snap shot by Patrice Cormier.
19:25 of 2nd period - Stopped by Matt Murray without a rebound.
19:26 of 2nd period - Patrice Cormier wins face-off versus Sidney Crosby in Stars zone.
19:27 of 2nd period - Snap shot by Nicholas Baptiste.
19:27 of 2nd period - Shot Blocked by Michael Grabner.
19:36 of 2nd period - Off-side.
19:37 of 2nd period - Elias Pettersson wins face-off versus Sidney Crosby in neutral zone.
Goals for this period are 0 for Maple Leafs vs 1 for Stars.
Shots for this period are 10 for Maple Leafs vs 13 for Stars.
3rd period
0:01 of 3rd period - Bo Horvat wins face-off versus Sidney Crosby in neutral zone.
0:20 of 3rd period - Luke Schenn is hit by Michael Grabner and loses puck.
0:33 of 3rd period - Elias Pettersson is hit by Alex Chiasson and loses puck.
0:38 of 3rd period - Snap shot by Guillaume Latendresse.
0:38 of 3rd period - Stopped by Kristers Gudlevskis with a rebound.
0:40 of 3rd period - Slapshot by Paul Ladue.
0:40 of 3rd period - Deflect By Alex Chiasson.
0:40 of 3rd period - Shot Blocked by Jon Merrill.
0:40 of 3rd period - Puck is out of play.
0:41 of 3rd period - Elias Pettersson wins face-off versus Evgeny Grachev in Maple Leafs zone.
1:44 of 3rd period - Slapshot by Jake Guentzel.
1:44 of 3rd period - Stopped by Kristers Gudlevskis with a rebound.
1:46 of 3rd period - Snap shot by Michael Grabner.
1:46 of 3rd period - Stopped by Kristers Gudlevskis with a rebound.
1:52 of 3rd period - Snap shot by Sidney Crosby.
1:52 of 3rd period - Stopped by Kristers Gudlevskis without a rebound.
1:53 of 3rd period - Evgeny Grachev wins face-off versus Jason Zucker in Maple Leafs zone.
2:44 of 3rd period - Off-side.
2:45 of 3rd period - Evgeny Kuznetsov wins face-off versus Bo Horvat in neutral zone.
3:00 of 3rd period - Wrist shot by Andre Burakovsky.
3:00 of 3rd period - Stopped by Matt Murray with a rebound.
3:14 of 3rd period - Snap shot by Andre Burakovsky.
3:14 of 3rd period - Shot Blocked by Tobias Rieder.
3:16 of 3rd period - Slapshot by Andre Burakovsky.
3:16 of 3rd period - Stopped by Matt Murray without a rebound.
3:17 of 3rd period - Elias Pettersson wins face-off versus Sidney Crosby in Stars zone.
3:35 of 3rd period - Off-side.
3:36 of 3rd period - Bo Horvat wins face-off versus Evgeny Grachev in neutral zone.
3:41 of 3rd period - Wrist shot by Andre Burakovsky.
3:41 of 3rd period - Stopped by Matt Murray without a rebound.
3:42 of 3rd period - Evgeny Grachev wins face-off versus Bo Horvat in Stars zone.
3:42 of 3rd period - Evgeny Grachev is hit by Zach Werenski.
3:56 of 3rd period - Snap shot by Guillaume Latendresse.
3:56 of 3rd period - Stopped by Kristers Gudlevskis without a rebound.
3:57 of 3rd period - Sidney Crosby wins face-off versus Andre Burakovsky in Maple Leafs zone.
4:12 of 3rd period - Snap shot by Andre Burakovsky.
4:12 of 3rd period - Shot Misses the Net.
4:48 of 3rd period - Andrej Sustr is hit by Zach Werenski and loses puck.
5:32 of 3rd period - Backhand shot by Evander Kane.
5:32 of 3rd period - Shot Misses the Net.
7:02 of 3rd period - Snap shot by Sidney Crosby.
7:02 of 3rd period - Shot Misses the Net.
7:40 of 3rd period - Snap shot by Scott Kosmachuck.
7:40 of 3rd period - Shot Misses the Net.
8:20 of 3rd period - Slapshot by Andre Burakovsky.
8:20 of 3rd period - Shot Blocked by Henrik Borgstrom.
8:22 of 3rd period - Slapshot by Zach Werenski.
8:22 of 3rd period - Stopped by Matt Murray without a rebound.
8:23 of 3rd period - Sidney Crosby wins face-off versus Elias Pettersson in Stars zone.
8:35 of 3rd period - Slapshot by Anton Cederholm.
8:35 of 3rd period - Deflect By Michael Grabner.
8:35 of 3rd period - Shot Misses the Net.
8:35 of 3rd period - Puck is out of play.
8:36 of 3rd period - Sidney Crosby wins face-off versus Elias Pettersson in Maple Leafs zone.
8:47 of 3rd period - Snap shot by Sidney Crosby.
8:47 of 3rd period - Shot Blocked by Luke Schenn.
9:03 of 3rd period - Alex Chiasson is hit by Jon Merrill and loses puck.
9:50 of 3rd period - Snap shot by Elias Pettersson.
9:50 of 3rd period - Goal by Elias Pettersson - Maple Leafs : 4 - Stars : 3.
9:51 of 3rd period - Sidney Crosby wins face-off versus Elias Pettersson in neutral zone.
9:53 of 3rd period - Off-side.
9:54 of 3rd period - Sidney Crosby wins face-off versus Elias Pettersson in neutral zone.
9:57 of 3rd period - Wrist shot by Sidney Crosby.
9:57 of 3rd period - Stopped by Kristers Gudlevskis with a rebound.
10:07 of 3rd period - Snap shot by Elias Pettersson.
10:07 of 3rd period - Deflect By Ben Smith.
10:07 of 3rd period - Shot Blocked by Tyler Wotherspoon.
10:07 of 3rd period - Puck is out of play.
10:08 of 3rd period - Sidney Crosby wins face-off versus Bo Horvat in Stars zone.
10:17 of 3rd period - Wrist shot by Sidney Crosby.
10:17 of 3rd period - Stopped by Kristers Gudlevskis with a rebound.
10:19 of 3rd period - Snap shot by Sidney Crosby.
10:19 of 3rd period - Stopped by Kristers Gudlevskis without a rebound.
10:20 of 3rd period - Michael Grabner wins face-off versus Bo Horvat in Maple Leafs zone.
10:25 of 3rd period - Slapshot by Michael Grabner.
10:25 of 3rd period - Deflect By Luke Schenn.
10:25 of 3rd period - Goal by Michael Grabner - Maple Leafs : 4 - Stars : 4.
10:26 of 3rd period - Sidney Crosby wins face-off versus Bo Horvat in neutral zone.
10:39 of 3rd period - Wrist shot by Jake Guentzel.
10:39 of 3rd period - Shot Blocked by Zach Werenski.
10:41 of 3rd period - Backhand shot by Ben Chiarot.
10:41 of 3rd period - Stopped by Kristers Gudlevskis without a rebound.
10:42 of 3rd period - Elias Pettersson wins face-off versus Evgeny Grachev in Maple Leafs zone.
10:58 of 3rd period - Snap shot by Ben Smith.
10:58 of 3rd period - Stopped by Matt Murray with a rebound.
11:15 of 3rd period - Slapshot by John Klingberg.
11:15 of 3rd period - Shot Misses the Net.
11:17 of 3rd period - Snap shot by Andre Burakovsky.
11:17 of 3rd period - Deflect By Bo Horvat.
11:17 of 3rd period - Shot Blocked by Paul Ladue.
11:17 of 3rd period - Puck is out of play.
11:18 of 3rd period - Sidney Crosby wins face-off versus Elias Pettersson in Stars zone.
11:25 of 3rd period - Ben Smith is hit by Tyler Wotherspoon and loses puck.
11:33 of 3rd period - Snap shot by Ben Smith.
11:33 of 3rd period - Shot Misses the Net.
11:35 of 3rd period - Slapshot by John Klingberg.
11:35 of 3rd period - Shot Misses the Net.
11:45 of 3rd period - Jon Merrill is hit by Evgeny Grachev and loses puck.
12:32 of 3rd period - Slapshot by Henrik Borgstrom.
12:32 of 3rd period - Shot Misses the Net.
12:34 of 3rd period - Snap shot by Andrej Sustr.
12:34 of 3rd period - Stopped by Kristers Gudlevskis without a rebound.
12:35 of 3rd period - Sidney Crosby wins face-off versus Bo Horvat in Maple Leafs zone.
12:40 of 3rd period - Slapshot by Jake Guentzel.
12:40 of 3rd period - Stopped by Kristers Gudlevskis with a rebound.
13:02 of 3rd period - Jon Merrill is hit by Alex Chiasson and loses puck.
13:09 of 3rd period - Alex Chiasson is hit by Ben Smith and loses puck.
13:51 of 3rd period - Wrist shot by Evander Kane.
13:51 of 3rd period - Stopped by Matt Murray with a rebound.
13:53 of 3rd period - Slapshot by Jon Merrill.
13:53 of 3rd period - Stopped by Matt Murray with a rebound.
13:55 of 3rd period - Snap shot by Bo Horvat.
13:55 of 3rd period - Shot Blocked by Ben Chiarot.
13:57 of 3rd period - Snap shot by Bo Horvat.
13:57 of 3rd period - Goal by Bo Horvat - Maple Leafs : 5 - Stars : 4.
13:58 of 3rd period - Sidney Crosby wins face-off versus Evander Kane in neutral zone.
15:35 of 3rd period - Bo Horvat is hit by Sidney Crosby and loses puck.
16:02 of 3rd period - Elias Pettersson is hit by Henrik Borgstrom and loses puck.
16:08 of 3rd period - John Klingberg is hit by Henrik Borgstrom and loses puck.
16:29 of 3rd period - Evgeny Kuznetsov is hit by Jon Merrill and loses puck.
16:53 of 3rd period - Slapshot by Bo Horvat.
16:53 of 3rd period - Shot Blocked by Brian Lee.
16:55 of 3rd period - Wrist shot by Evander Kane.
16:55 of 3rd period - Stopped by Matt Murray with a rebound.
17:01 of 3rd period - Snap shot by Andre Burakovsky.
17:01 of 3rd period - Stopped by Matt Murray with a rebound.
17:03 of 3rd period - Wrist shot by Evander Kane.
17:03 of 3rd period - Shot Misses the Net.
17:46 of 3rd period - Haydn Fleury is hit by Anton Cederholm and loses puck.
19:02 of 3rd period - Minor Penalty to Michael Grabner for Interference.
19:03 of 3rd period - Andre Burakovsky wins face-off versus Jake Guentzel in Stars zone.
19:13 of 3rd period - Slapshot by Evander Kane.
19:13 of 3rd period - Stopped by Matt Murray without a rebound.
19:14 of 3rd period - Barry Trotz call a timeout for Stars.
19:14 of 3rd period - Sidney Crosby wins face-off versus Bo Horvat in Stars zone.
19:29 of 3rd period - Snap shot by Andre Burakovsky.
19:29 of 3rd period - Goal by Andre Burakovsky - Maple Leafs : 6 - Stars : 4.
19:30 of 3rd period - Sam Bennett wins face-off versus Evgeny Kuznetsov in neutral zone.
Goals for this period are 3 for Maple Leafs vs 1 for Stars.
Shots for this period are 13 for Maple Leafs vs 12 for Stars.
Output by the SimonT Hockey Simulator (STHS) for Francois Prevost